 Dungeon Crawl Stone Soup version 0.32-a0-516-g94ed278cf8 (webtiles) character file.

Game seed: 13927444888235427842

12 GordonOverkill the Sneak (level 2, 0/24 HPs)
             Began as a Coglin Delver on Feb 27, 2024.
             Slain by a centaur (6 damage)
             ... on level 5 of the Dungeon.
             The game lasted 00:01:30 (227 turns).

GordonOverkill the Sneak (Coglin Delver)             Turns: 227, Time: 00:01:30

Health: 0/24       AC:  3    Str: 12    XL:     2   Next: 33%
Magic:  2/2        EV: 11    Int:  9    God:
Gold:   7          SH:  0    Dex: 15    Spells: 1/1 levels left

rFire   . . .        a - +0 hand axe {Bintanath}
rCold   . . .        (no shield)
rNeg    . . .        b - +0 leather armour
rPois   .            (no helmet)
rElec   .            (no cloak)
rCorr   .            (no gloves)
SInv    .            (no boots)
Will    .....        (no amulet)
Stlth   ++           (ring unavailable)
HPRegen 0.24/turn    (ring unavailable)
MPRegen 0.08/turn

%: no passive effects
@: hasted, revving, very quick
A: off-hand wielding, slow wielding, warmup strikes, no rings
a: no special abilities


You were on level 5 of the Dungeon.
You visited 1 branch of the dungeon, and saw 2 of its levels.

You collected 7 gold pieces.

Inventory:

Hand Weapons
 a - a +0 hand axe (weapon) {Bintanath}
Armour
 b - a +0 leather armour (worn)
Wands
 g - a wand of digging (3)
Scrolls
 c - a scroll of fog
 d - a scroll of revelation
 h - a scroll of torment {unknown}
 i - a scroll of identify {unknown}
 j - a scroll of amnesia {unknown}
 k - a scroll of teleportation {unknown}


   Skills:
 - Level 3.0 Fighting
 + Level 2.9 Axes
 - Level 1.7 Dodging
 - Level 4.1 Stealth


You had one spell level left.
You didn't know any spells.
Your spell library was empty.

Dungeon Overview and Level Annotations

Branches:
Dungeon (6/15)
 Temple: D:4-7

Altars:
Sif Muna

Shops:
D:6 ?*


Innate Abilities, Weirdness & Mutations

You can wield a second weapon in your off-hand.
It takes a long time for you to wield or remove held weapons.
Your first few attacks do less damage.
Your grasper-arms cannot wear rings.


Message History

The dart slug is severely wounded.
The dart slug bites you.
You hit the dart slug.
The dart slug is severely wounded.
The dart slug closely misses you.
You hit the dart slug.
You kill the dart slug!
No target in view!
No target in view!
k - a scroll labelled YVIUNN DAALI
Found a shimmering blue altar of Sif Muna.
A centaur comes into view.
The centaur shouts!
The centaur wields a +0 orcbow.
The centaur shoots an arrow.
The arrow hits you.
The centaur shoots an arrow.
The arrow hits you!
* * * LOW HITPOINT WARNING * * *
As you read the scroll of fear, it crumbles to dust.
You assume a fearsome visage.
The centaur looks frightened!
The centaur unwields a +0 orcbow.
The centaur hits you.
* * * LOW HITPOINT WARNING * * *
The centaur kicks you.
* * * LOW HITPOINT WARNING * * *
Okay, then.
Okay, then.
You feel yourself speed up.
The centaur hits you but does no damage.
The centaur kicks you.
* * * LOW HITPOINT WARNING * * *
You hit the centaur.
Your attack snaps the centaur out of its fear.
The centaur is lightly wounded.
The centaur misses you. The centaur closely misses you.
You hit the centaur but do no damage.
The centaur is lightly wounded.
The centaur barely misses you.
The centaur kicks you but does no damage.
You hit the centaur.
The centaur is moderately wounded.
The centaur hits you.
You die...

#............#
#............#
#............#
#............#
########.....#
#.....##.####
#.._..##.#
#.c...##.#
#⌠#@#⌠##.# #
#.####.#
#......#
########


You could see a centaur.

Vanquished Creatures
  An adder (D:6)
  A dart slug (D:5)
2 creatures vanquished.

Notes
Turn   | Place    | Note
-------+----------+-------------------------------------------
     0 | D:5      | GordonOverkill the Coglin Delver began the quest for the
                  | Orb.
     0 | D:5      | Reached XP level 1. HP: 18/18 MP: 1/1
    63 | D:6      | Noticed an angel
    68 | D:6      | Found Zulerphee's Hallowed Reliquary.
    69 | D:6      | Found Lihoidgh's Magic Scroll Boutique.
    85 | D:6      | Reached XP level 2. HP: 23/24 MP: 2/2
    92 | D:6      | Noticed a lemure
   218 | D:5      | Found a shimmering blue altar of Sif Muna.
   221 | D:5      | Noticed a centaur
   227 | D:5      | Slain by a centaur

Illustrated notes

Levels and vault maps discovered:
D:5:      layout_basic, mainiacjoe_overflow_alcove_2,
          nicolae_houndstooth_variations
D:6:      layout_basic, nicolae_ru_great_annihilating_truth,
          mainiacjoe_sewer_entry_somewhere_in_here_1, serial_shops,
          nicolae_shop_window_shopping, shop, nicolae_diamond_shop,
          kennysheep_cluttered_room, nicolae_good_shop, uniq_pikel,
          uniq_prince_ribbit1, uniq_eustachio, uniq_grinder

Action                     || total
---------------------------++-------
  Melee: Hand axe          ||    14
    Use: Scroll            ||     1
         Potion            ||     1
   Stab: Sleeping          ||     1
 Armour: Leather armour    ||    14
  Dodge: Dodged            ||     8

Table legend: (Time is in decaauts)
 A = Elapsed time spent in this place.
 B = Non-inter-level travel time spent in this place.
 C = Inter-level travel time spent in this place.
 D = Time resting spent in this place.
 E = Time spent auto-exploring this place.
 F = Levels seen in this place.
 G = Mean time per level.
                   A        B        C        D        E       F      G
               +--------+--------+--------+--------+--------+-----+--------+
         Total |    228 |    184 |     44 |      2 |      0 |   2 |  114.0 |
       Dungeon |    228 |    184 |     44 |      2 |      0 |   2 |  114.0 |
               +--------+--------+--------+--------+--------+-----+--------+

Top non-repeatable levels by time:
     D:6: 147 daAuts
     D:5: 81 daAuts
